cohdb
Replays
Latest Replays
All Replays
Popular Replays
Top Player Replays
Match Explorer
How It Works
Community
CoH3 Stats
Reddit
Sign in to upload your games and track your stats! →
Sign in with Steam
Match 42519078
Unlisted
Match 42519078
Overview
Messages
Build Orders
End
Kettenkrad Recon Vehicle
Construct Infanterie Kompanie
Selects Terror Battlegroup
MG 42 Machine Gun Team
Selects Machine Gun Camouflage
Grenadier Squad
Grenadier Squad
Grenadier Squad
MG 42 Machine Gun Team
Infanterie Officer Quarters
Construct Panzergrenadier Kompanie
251 Medium Carrier
Selects Contempt for the Weak
Pak 40 Anti-tank Gun Team
Medical Bunker
Construct Panzer Kompanie
Selects Propaganda Leaflet Drop
Sturmpanzer IV Brummbär
Kettenkrad Recon Vehicle
Selects V1 Rocket Strike
Panzer IV Medium Tank
Kettenkrad Recon Vehicle
Pioneer Squad
Side Skirts
Panzer Officer Quarters
V1 Rocket Strike
Panzer IV Medium Tank
Musketeer
DeadLogic
A Rather Splendid Cromwell
Mustache and Melons
theGshovE
LionElPotato
Sushidad
Yesmug
0
0
Comments
sign in to comment!
No comments posted yet!